 Dungeon Crawl Stone Soup version 0.28-b1-70-g80dc712255 (webtiles) character file.

Game seed: 14293717404711675476

46 vvl the Stinger (level 3, -2/25 HPs)
             Began as a Demonspawn Venom Mage on Feb 4, 2022.
             Slain by a hobgoblin (3 damage)
             ... on level 3 of the Dungeon.
             The game lasted 00:05:34 (2246 turns).

vvl the Stinger (Demonspawn Venom Mage)             Turns: 2246, Time: 00:05:34

Health: -2/25      AC:  2    Str:  8    XL:     3   Next: 46%
Magic:  4/6        EV: 12    Int: 18    God:
Gold:   40         SH:  4    Dex: 13    Spells: 5/6 levels left

rFire   . . .      SeeInvis .   g - +2 flail (protect)
rCold   . . .      Faith    .   (no shield)
rNeg    . . .      Spirit   .   a - +0 robe
rPois   .          Reflect  .   (helmet restricted)
rElec   .          Harm     .   (no cloak)
rCorr   .          Rampage  .   (no gloves)
Will    .....                   (no boots)
Stlth   ++........              (no amulet)
HPRegen 0.08/turn               (no ring)
MPRegen 0.10/turn               (no ring)

@: no status effects
A: horns 1, condensation shield
a: no special abilities


You were on level 3 of the Dungeon.
You visited 1 branch of the dungeon, and saw 3 of its levels.

You collected 40 gold pieces.

Inventory:

Hand Weapons
 g - a +2 flail of protection (weapon)
Armour
 a - a +0 robe (worn)
Jewellery
 k - an amulet of magic regeneration
Scrolls
 b - a scroll of teleportation {unknown}
 d - a scroll of immolation {unknown}
 f - a scroll of fog {unknown}
 h - a scroll of acquirement {unknown}
 i - a scroll of blinking {unknown}
 j - a scroll of vulnerability {unknown}
 m - a scroll of fear {unknown}
 n - a scroll of brand weapon {unknown}
Potions
 c - a potion of degeneration {unknown}
 e - a potion of curing {unknown}
 l - 2 potions of magic {unknown}


   Skills:
 + Level 0.7 Fighting
 + Level 1.9 Dodging
 - Level 2.0 Stealth
 + Level 2.1 Spellcasting
 + Level 0.6 Summonings
 + Level 0.6 Necromancy
 + Level 1.3 Transmutations
 + Level 0.8 Earth Magic
 * Level 3.3 Poison Magic


You had 5 spell levels left.
You knew the following spells:

 Your Spells              Type           Power      Damage    Failure   Level
a - Sting                 Tmut/Pois      40%        1d5       7%          1

Your spell library contained the following spells:

 Spells                   Type           Power      Damage    Failure   Level
 Poisonous Vapours        Pois/Air       16%        N/A       14%         2
 Wereblood                Tmut           6%         N/A       16%         2
 Sublimation of Blood     Necr           4%         N/A       21%         2
 Mephitic Cloud           Conj/Pois/Air  5%         N/A       34%         3
 Olgreb's Toxic Radiance  Pois           14%        N/A       41%         4
 Petrify                  Tmut/Erth      5%         N/A       75%         4
 Irradiate                Conj/Tmut      2%         3d14      98%         5
 Summon Hydra             Summ           2%         N/A       100%        7


Dungeon Overview and Level Annotations

Branches:
Dungeon (3/15)

Altars:

Annotations:
D:2 Robin, Sigmund


Innate Abilities, Weirdness & Mutations

You have a pair of small horns on your head.
A meltable shield of frost defends you. (SH +4)


Message History

You bump into the rock wall.
Found a stone staircase leading down.
The hobgoblin hits you.
You're too confused to move!
You feel less confused. The hobgoblin barely misses you. Something hits you!
* * * LOW HITPOINT WARNING * * *
x2 A puff of flame appears from out of thin air!
The puff of flame hits you.
* * * LOW HITPOINT WARNING * * *
Sigmund appears from thin air!
Reactivating autopickup.
Sigmund casts a spell.
Sigmund flickers and vanishes!
Deactivating autopickup; reactivate with Ctrl-A.
Your icy envelope is restored.
Found 7 gold pieces.
There is a stone staircase leading down here.
The hobgoblin hits you.
* * * LOW HITPOINT WARNING * * *
Sigmund mumbles some strange words.
Sigmund flickers and vanishes!
You climb downwards.
Reactivating autopickup.
There is a stone staircase leading up here.
Casting: Sting (safe; 7% risk of failure)
Confirm with . or Enter, or press ? or * to list all spells.
Aiming: Sting (safe; 7% risk of failure)
Press: ? - help, Shift-Dir - straight line, f - hobgoblin
Aim: a hobgoblin (71% to hit)
The sting hits the hobgoblin.
The hobgoblin is poisoned.
The hobgoblin is heavily wounded.
The hobgoblin hits you.
* * * LOW HITPOINT WARNING * * *
Casting: Sting (safe; 7% risk of failure)
Confirm with . or Enter, or press ? or * to list all spells.
Aiming: Sting (safe; 7% risk of failure)
Press: ? - help, Shift-Dir - straight line, f/p - hobgoblin
Aim: a hobgoblin (heavily wounded, poisoned, 71% to hit)
The sting misses the hobgoblin.
The hobgoblin hits you.
You die...

####
#..
#g#
#@#
###


You could see a hobgoblin (poisoned).

Vanquished Creatures
  A worm (D:2)
  3 dart slugs (D:1)
  2 ball pythons
  3 endoplasms (D:1)
  3 giant cockroaches (D:2)
  8 goblins (D:1)
  A hobgoblin (D:1)
  2 quokkas (D:1)
  2 bats
  3 frilled lizards (D:1)
  4 kobolds (D:1)
  3 rats (D:1)
35 creatures vanquished.

Notes
Turn   | Place    | Note
-------+----------+-------------------------------------------
     0 | D:1      | vvl the Demonspawn Venom Mage began the quest for the Orb.
     0 | D:1      | Reached XP level 1. HP: 13/13 MP: 3/3
   222 | D:1      | Reached skill level 1 in Transmutations
   504 | D:1      | Gained mutation: You have a pair of small horns on your
                  | head. [demonic ancestry]
   504 | D:1      | Reached XP level 2. HP: 19/19 MP: 1/5
  1300 | D:1      | Gained mutation: A meltable shield of frost defends you.
                  | (SH +4) [demonic ancestry]
  1300 | D:1      | Reached XP level 3. HP: 9/25 MP: 6/6
  1573 | D:2      | Noticed Robin
  1581 | D:1      | HP: 1/25 [goblin (6)]
  2175 | D:2      | Noticed Sigmund
  2197 | D:2      | HP: 1/25 [something/puff of flame (3)]
  2245 | D:3      | HP: 1/25 [hobgoblin (2)]
  2246 | D:3      | Slain by a hobgoblin

Illustrated notes

Levels and vault maps discovered:
D:1:      tarquinn_simple_flora_water_b, layout_rooms, minivault_23,
          kennysheep_crisscross
D:2:      layout_loops_cross, roderic_lattice_a, minmay_distorted, uniq_robin,
          uniq_sigmund
D:3:      layout_basic, shapermc_ecumenical_altar_mp_highgroup

Skill      XL: |  1  2 |
---------------+-------+-----
Transmutations | 1 |  1.3
Stealth        | 2 |  2.0
Fighting       | |  0.7
Dodging        | |  1.9
Spellcasting   | |  2.1
Summonings     | |  0.6
Necromancy     | |  0.6
Earth Magic    | |  0.8
Poison Magic   | |  3.3

Action                   || total
-------------------------++-------
Melee: Unarmed           ||    39
       Punch             ||     1
       Flail             ||    28
       Headbutt          ||     6
 Cast: Sting             ||    44
 Stab: Sleeping          ||     1
Armor: Robe              ||    21
Dodge: Dodged            ||    64
Block: Other             ||     2
